[ AOE2 MATCH · #487838090 ]
UnrankedMaya vs Malians
[ REPLAY ANALYSIS · EXTRACTED FROM THE RECORDED GAME ]
Feudal
12:44
Castle
17:27
Imperial
34:54
| APM avg | 55.2 |
| APM peak | 111 |
| eAPM avg | 30.6 |
| Villagers / military | 160 / 362 |
Focus
⚔️ 41.1% · 🌾 58.9%
Spearman ×192 · Plumed Archer ×94 · Eagle Scout ×63 · Trade Cart ×25 · Mangonel ×7 · Unknown (2633) ×6
Feudal
13:52
Castle
18:12
Imperial
32:03
| APM avg | 25.7 |
| APM peak | 59 |
| eAPM avg | 18.0 |
| Villagers / military | 123 / 372 |
Focus
⚔️ 43.8% · 🌾 56.2%
Camel Scout ×173 · Militia ×140 · Scout Cavalry ×39 · Gbeto ×10 · Bombard Cannon ×7 · Trebuchet (Packed) ×3
Feudal
11:57
Castle
15:52
Imperial
28:51
| APM avg | 42.1 |
| APM peak | 115 |
| eAPM avg | 22.9 |
| Villagers / military | 113 / 178 |
Focus
⚔️ 18.3% · 🌾 81.7%
Elephant Archer ×95 · Trade Cart ×65 · Fishing Ship ×55 · Armored Elephant ×42 · Monk ×17 · Mangonel ×14
Feudal
15:22
Castle
19:12
Imperial
31:01
| APM avg | 27.5 |
| APM peak | 62 |
| eAPM avg | 16.2 |
| Villagers / military | 146 / 316 |
Focus
⚔️ 30.6% · 🌾 69.4%
Spearman ×152 · Skirmisher ×120 · Fishing Ship ×40 · Trade Cart ×29 · Fire Lancer ×25 · Unknown (1948) ×15
Feudal
14:12
Castle
18:32
Imperial
30:59
| APM avg | 72.8 |
| APM peak | 217 |
| eAPM avg | 50.7 |
| Villagers / military | 173 / 803 |
Focus
⚔️ 22.5% · 🌾 77.5%
Spearman ×646 · Huskarl ×129 · Bombard Cannon ×14 · Trebuchet (Packed) ×12 · Monk ×1 · Scorpion ×1
Feudal
11:01
Castle
14:37
Imperial
31:41
| APM avg | 23.5 |
| APM peak | 66 |
| eAPM avg | 10.8 |
| Villagers / military | 155 / 249 |
Focus
⚔️ 22.7% · 🌾 77.3%
Knight ×245 · Bombard Cannon ×3 · Monk ×1
Feudal
11:23
Castle
18:58
Imperial
31:55
| APM avg | 41.2 |
| APM peak | 72 |
| eAPM avg | 23.6 |
| Villagers / military | 109 / 440 |
Focus
⚔️ 39.8% · 🌾 60.2%
Spearman ×215 · Scout Cavalry ×132 · Fishing Ship ×56 · Steppe Lancer ×39 · Mangonel ×30 · Camel Scout ×18
Feudal
12:36
Castle
17:00
Imperial
46:08
| APM avg | 48.6 |
| APM peak | 96 |
| eAPM avg | 28.5 |
| Villagers / military | 223 / 150 |
Focus
⚔️ 38.0% · 🌾 62.0%
Skirmisher ×79 · Elephant Archer ×31 · Spearman ×17 · Mangonel ×8 · Monk ×7 · Cannon Galleon ×5
Match map
Initial resources + every placement click. Lines = walls · curves = elevation contours. ◆ gold · ⬟ stone · ● berries · ✦ relic · ◌ wall gap
Your base· ✓ Closed at 17:27 · 53t walls · no gate
RetiredTurtle's base· ✓ Closed at 18:12 · 43t walls · 1 gate(s)
InGodWeTrust's base· ✓ Closed at 15:52 · 0t walls · no gate
jaszkowska.aleksandra's base· ✓ Closed at 19:12 · 23t walls · no gate
MR.ROBOT's base· ✓ Closed at 18:32 · 28t walls · no gate
jsebbach's base· ✓ Closed at 14:37 · 0t walls · no gate
benjeh's base· ✓ Closed at 18:58 · 0t walls · no gate
Zeriel's base· ✓ Closed at 17:00 · 20t walls · 1 gate(s)
Smoothed initial terrain · ◌ = detected wall gap · hover for details
Inputs per minute
— Chlupinek - - RetiredTurtle
Build order — Chlupinek
First 150 of 650 actions detected
| 0:01 | Queue | Villager (Male) |
| 0:02 | Queue | Villager (Male) |
| 0:02 | Queue | Villager (Male) |
| 0:03 | Build | House |
| 0:04 | Build | House |
| 0:07 | Research | Loom |
| 0:08 | Queue | Villager (Male) |
| 0:08 | Queue | Villager (Male) |
| 0:08 | Queue | Villager (Male) |
| 0:43 | Queue | Villager (Male) |
| 0:43 | Queue | Villager (Male) |
| 0:43 | Queue | Villager (Male) |
| 1:03 | Build | Palisade Wall |
| 1:05 | Build | Palisade Wall |
| 1:36 | Queue | Villager (Male) |
| 2:11 | Build | Palisade Wall |
| 2:13 | Build | Palisade Wall |
| 2:24 | Build | Palisade Wall |
| 2:30 | Queue | Villager (Male) |
| 2:38 | Build | Palisade Wall |
| 2:57 | Queue | Villager (Male) |
| 3:19 | Build | Palisade Wall |
| 3:23 | Build | Palisade Wall |
| 3:28 | Build | Palisade Wall |
| 3:29 | Build | Palisade Wall |
| 3:36 | Queue | Villager (Male) |
| 4:02 | Queue | Villager (Male) |
| 4:29 | Queue | Villager (Male) |
| 4:42 | Build | Palisade Wall |
| 4:43 | Build | Palisade Wall |
| 4:57 | Queue | Villager (Male) |
| 5:06 | Build | Dock |
| 5:08 | Build | Palisade Wall |
| 5:09 | Build | Palisade Wall |
| 5:21 | Queue | Villager (Male) |
| 5:26 | Build | House |
| 5:46 | Build | Palisade Wall |
| 5:49 | Build | Palisade Wall |
| 5:54 | Queue | Villager (Male) |
| 6:04 | Queue | Fishing Ship |
| 6:33 | Queue | Villager (Male) |
| 6:33 | Queue | Villager (Male) |
| 6:52 | Build | House |
| 7:05 | Queue | Villager (Male) |
| 7:21 | Build | House |
| 7:42 | Queue | Villager (Male) |
| 7:50 | Build | Lumber Camp |
| 7:59 | Build | Palisade Wall |
| 8:01 | Build | Palisade Wall |
| 8:11 | Queue | Villager (Male) |
| 8:25 | Queue | Villager (Male) |
| 8:59 | Build | Palisade Wall |
| 9:07 | Queue | Villager (Male) |
| 9:08 | Queue | Villager (Male) |
| 9:28 | Queue | Fishing Ship |
| 9:42 | Build | Palisade Wall |
| 9:43 | Build | Palisade Wall |
| 9:48 | Build | Palisade Wall |
| 9:51 | Queue | Villager (Male) |
| 10:13 | Build | Mining Camp |
| 10:34 | Research | Feudal Age |
| 10:34 | Research | Feudal Age |
| 11:05 | Build | House |
| 11:30 | Build | House |
| 11:46 | Build | Mill |
| 12:00 | Queue | Fishing Ship |
| 12:11 | Build | House |
| 12:15 | Queue | Villager (Male) |
| 12:15 | Queue | Villager (Male) |
| 12:44 | Age | Feudal Age |
| 12:46 | Queue | Galley |
| 13:12 | Build | Market |
| 13:55 | Queue | Villager (Male) |
| 14:03 | Build | Blacksmith |
| 14:13 | Build | Stone Wall |
| 14:14 | Build | Stone Wall |
| 14:16 | Build | Stone Wall |
| 14:23 | Build | Stone Wall |
| 14:24 | Build | Stone Wall |
| 14:25 | Build | Stone Wall |
| 14:47 | Research | Castle Age |
| 14:47 | Research | Castle Age |
| 14:48 | Build | Mining Camp |
| 15:12 | Research | Fletching |
| 15:26 | Build | Mill |
| 15:37 | Research | Double-Bit Axe |
| 16:31 | Build | House |
| 16:32 | Build | House |
| 16:46 | Queue | Galley |
| 16:58 | Queue | Villager (Male) |
| 16:58 | Queue | Villager (Male) |
| 17:27 | Age | Castle Age |
| 17:29 | Build | Siege Workshop |
| 18:08 | Queue | Villager (Male) |
| 18:13 | Queue | Scorpion |
| 18:15 | Queue | Mangonel |
| 18:28 | Queue | Villager (Male) |
| 18:41 | Queue | Mangonel |
| 19:15 | Queue | Villager (Male) |
| 19:30 | Queue | Villager (Male) |
| 20:00 | Queue | Mangonel |
| 20:01 | Queue | Villager (Male) |
| 20:01 | Queue | Villager (Male) |
| 20:29 | Build | Town Center |
| 20:49 | Queue | Villager (Male) |
| 20:49 | Queue | Villager (Male) |
| 21:10 | Queue | Villager (Male) |
| 21:27 | Queue | Villager (Male) |
| 21:29 | Queue | Scorpion |
| 21:38 | Queue | Villager (Male) |
| 21:39 | Queue | Villager (Male) |
| 21:41 | Research | Horse Collar |
| 22:07 | Queue | Villager (Male) |
| 22:07 | Queue | Villager (Male) |
| 22:08 | Queue | Mangonel |
| 22:12 | Queue | Villager (Male) |
| 22:13 | Queue | Villager (Male) |
| 22:15 | Build | Farm |
| 22:15 | Build | Farm |
| 22:15 | Build | Farm |
| 22:16 | Build | Farm |
| 22:16 | Build | Farm |
| 22:16 | Build | Farm |
| 22:33 | Queue | Villager (Male) |
| 22:59 | Queue | Villager (Male) |
| 23:01 | Queue | Mangonel |
| 23:18 | Queue | Villager (Male) |
| 23:22 | Build | Town Center |
| 23:27 | Build | Farm |
| 24:21 | Queue | Villager (Male) |
| 24:22 | Queue | Villager (Male) |
| 24:23 | Queue | Villager (Male) |
| 24:24 | Queue | Scorpion |
| 24:33 | Queue | Villager (Male) |
| 24:33 | Queue | Villager (Male) |
| 24:35 | Build | Farm |
| 24:35 | Build | Farm |
| 24:35 | Build | Farm |
| 24:35 | Build | Farm |
| 24:35 | Build | Farm |
| 24:36 | Build | Farm |
| 24:36 | Build | Farm |
| 24:36 | Build | Farm |
| 24:38 | Queue | Villager (Male) |
| 25:02 | Queue | Mangonel |
| 25:09 | Queue | Villager (Male) |
| 25:09 | Queue | Villager (Male) |
| 25:11 | Build | Farm |
| 25:13 | Build | Farm |
| 25:15 | Build | House |
Build order — RetiredTurtle
First 150 of 464 actions detected
| 0:02 | Queue | Villager (Male) |
| 0:02 | Queue | Villager (Male) |
| 0:03 | Queue | Villager (Male) |
| 0:03 | Queue | Villager (Male) |
| 0:03 | Queue | Villager (Male) |
| 0:05 | Build | House |
| 0:06 | Build | House |
| 0:25 | Research | Loom |
| 0:25 | Queue | Villager (Male) |
| 0:26 | Queue | Villager (Male) |
| 0:26 | Queue | Villager (Male) |
| 0:34 | Build | Palisade Wall |
| 2:03 | Build | Palisade Wall |
| 2:19 | Build | Palisade Wall |
| 2:26 | Queue | Villager (Male) |
| 2:26 | Queue | Villager (Male) |
| 2:42 | Build | Palisade Wall |
| 3:05 | Queue | Villager (Male) |
| 3:59 | Queue | Villager (Male) |
| 4:11 | Build | Outpost |
| 4:18 | Queue | Villager (Male) |
| 5:00 | Queue | Villager (Male) |
| 5:01 | Queue | Villager (Male) |
| 5:13 | Build | Lumber Camp |
| 5:49 | Queue | Villager (Male) |
| 6:08 | Build | Palisade Gate |
| 6:15 | Queue | Villager (Male) |
| 6:25 | Build | Palisade Wall |
| 6:33 | Queue | Villager (Male) |
| 6:35 | Build | House |
| 7:13 | Queue | Villager (Male) |
| 7:15 | Queue | Villager (Male) |
| 7:39 | Build | House |
| 8:00 | Queue | Villager (Male) |
| 8:11 | Build | Outpost |
| 8:15 | Build | Mill |
| 8:18 | Queue | Villager (Male) |
| 9:01 | Build | Mining Camp |
| 9:03 | Queue | Villager (Male) |
| 9:11 | Build | House |
| 9:19 | Queue | Villager (Male) |
| 9:32 | Build | Mining Camp |
| 9:36 | Queue | Villager (Male) |
| 10:04 | Queue | Villager (Male) |
| 10:29 | Queue | Villager (Male) |
| 11:17 | Queue | Villager (Male) |
| 11:42 | Research | Feudal Age |
| 13:32 | Queue | Villager (Male) |
| 13:33 | Queue | Villager (Male) |
| 13:52 | Age | Feudal Age |
| 14:03 | Build | Market |
| 14:12 | Build | Blacksmith |
| 14:21 | Build | Stone Wall |
| 14:33 | Queue | Villager (Male) |
| 15:03 | Queue | Villager (Male) |
| 15:28 | Research | Castle Age |
| 15:34 | Build | Lumber Camp |
| 16:19 | Research | Town Watch |
| 16:26 | Research | Double-Bit Axe |
| 16:32 | Research | Horse Collar |
| 16:45 | Build | Stone Wall |
| 17:23 | Build | Farm |
| 17:25 | Build | Farm |
| 17:26 | Build | Farm |
| 17:27 | Build | Farm |
| 17:33 | Build | House |
| 17:35 | Build | House |
| 17:36 | Build | House |
| 17:38 | Build | House |
| 17:39 | Build | House |
| 18:12 | Age | Castle Age |
| 18:16 | Queue | Villager (Male) |
| 18:31 | Build | Town Center |
| 19:04 | Build | Town Center |
| 19:10 | Build | Farm |
| 19:12 | Queue | Villager (Male) |
| 19:14 | Queue | Villager (Male) |
| 19:41 | Build | Farm |
| 19:43 | Queue | Villager (Male) |
| 19:43 | Queue | Villager (Male) |
| 19:56 | Queue | Villager (Male) |
| 19:57 | Queue | Villager (Male) |
| 20:06 | Build | Farm |
| 20:17 | Queue | Villager (Male) |
| 20:22 | Build | Farm |
| 20:23 | Build | Farm |
| 20:24 | Build | Farm |
| 20:25 | Build | Farm |
| 20:28 | Build | House |
| 20:29 | Build | House |
| 20:30 | Queue | Villager (Male) |
| 20:32 | Build | Farm |
| 20:35 | Build | Farm |
| 20:37 | Queue | Villager (Male) |
| 20:40 | Queue | Villager (Male) |
| 20:40 | Queue | Villager (Male) |
| 21:03 | Build | Farm |
| 21:05 | Build | Farm |
| 21:07 | Queue | Villager (Male) |
| 21:08 | Queue | Villager (Male) |
| 21:17 | Research | Bow Saw |
| 21:20 | Build | Farm |
| 21:23 | Build | Farm |
| 21:24 | Queue | Villager (Male) |
| 21:25 | Queue | Villager (Male) |
| 21:29 | Build | House |
| 21:32 | Queue | Villager (Male) |
| 21:43 | Build | Farm |
| 21:45 | Queue | Villager (Male) |
| 21:47 | Build | Farm |
| 21:51 | Queue | Villager (Male) |
| 22:14 | Build | Town Center |
| 22:18 | Build | Farm |
| 22:19 | Queue | Villager (Male) |
| 22:19 | Queue | Villager (Male) |
| 22:20 | Queue | Villager (Male) |
| 22:29 | Queue | Villager (Male) |
| 22:39 | Build | Farm |
| 22:43 | Queue | Villager (Male) |
| 22:43 | Queue | Villager (Male) |
| 23:03 | Build | Town Center |
| 23:05 | Queue | Villager (Male) |
| 23:05 | Queue | Villager (Male) |
| 23:07 | Build | Farm |
| 23:14 | Research | Wheelbarrow |
| 23:15 | Queue | Villager (Male) |
| 23:24 | Queue | Villager (Male) |
| 23:27 | Build | Farm |
| 23:30 | Queue | Villager (Male) |
| 23:38 | Queue | Villager (Male) |
| 23:39 | Queue | Villager (Male) |
| 23:48 | Queue | Villager (Male) |
| 23:55 | Queue | Villager (Male) |
| 24:00 | Build | Farm |
| 24:05 | Queue | Villager (Male) |
| 24:06 | Queue | Villager (Male) |
| 24:11 | Build | Farm |
| 24:12 | Build | Farm |
| 24:13 | Build | Farm |
| 24:14 | Build | Farm |
| 24:15 | Build | Farm |
| 24:16 | Build | Farm |
| 24:20 | Queue | Villager (Male) |
| 24:20 | Queue | Villager (Male) |
| 24:26 | Build | Farm |
| 24:36 | Build | Farm |
| 24:37 | Build | Farm |
| 24:39 | Build | Farm |
| 24:40 | Build | Farm |
| 24:41 | Build | Farm |
Build order — InGodWeTrust
First 150 of 455 actions detected
| 0:02 | Queue | Villager (Male) |
| 0:02 | Queue | Villager (Male) |
| 0:03 | Build | House |
| 0:04 | Build | House |
| 0:13 | Queue | Villager (Male) |
| 0:13 | Queue | Villager (Male) |
| 0:14 | Queue | Villager (Male) |
| 1:26 | Queue | Villager (Male) |
| 1:26 | Queue | Villager (Male) |
| 1:49 | Build | Lumber Camp |
| 2:03 | Queue | Villager (Male) |
| 2:19 | Queue | Villager (Male) |
| 2:19 | Queue | Villager (Male) |
| 2:49 | Queue | Villager (Male) |
| 2:50 | Queue | Villager (Male) |
| 3:07 | Queue | Villager (Male) |
| 3:43 | Queue | Villager (Male) |
| 3:44 | Queue | Villager (Male) |
| 3:54 | Build | House |
| 4:08 | Queue | Villager (Male) |
| 4:08 | Queue | Villager (Male) |
| 4:21 | Queue | Villager (Male) |
| 4:22 | Queue | Villager (Male) |
| 4:42 | Build | Dock |
| 4:53 | Queue | Villager (Male) |
| 4:53 | Queue | Villager (Male) |
| 5:16 | Queue | Villager (Male) |
| 5:27 | Queue | Villager (Male) |
| 5:27 | Queue | Villager (Male) |
| 5:30 | Queue | Fishing Ship |
| 5:30 | Queue | Fishing Ship |
| 5:37 | Build | House |
| 5:55 | Queue | Villager (Male) |
| 5:55 | Queue | Villager (Male) |
| 6:19 | Queue | Fishing Ship |
| 6:19 | Queue | Fishing Ship |
| 6:20 | Queue | Fishing Ship |
| 6:25 | Queue | Villager (Male) |
| 6:25 | Queue | Villager (Male) |
| 6:38 | Queue | Fishing Ship |
| 6:38 | Queue | Fishing Ship |
| 6:49 | Build | House |
| 6:58 | Queue | Villager (Male) |
| 6:58 | Queue | Villager (Male) |
| 7:07 | Queue | Villager (Male) |
| 7:07 | Queue | Villager (Male) |
| 7:50 | Queue | Villager (Male) |
| 7:50 | Queue | Villager (Male) |
| 7:51 | Queue | Fishing Ship |
| 7:51 | Queue | Fishing Ship |
| 8:07 | Build | Mill |
| 8:15 | Queue | Villager (Male) |
| 8:38 | Build | House |
| 9:01 | Build | Mining Camp |
| 9:10 | Queue | Villager (Male) |
| 9:38 | Queue | Fishing Ship |
| 9:47 | Research | Feudal Age |
| 9:53 | Build | House |
| 10:15 | Queue | Villager (Male) |
| 10:19 | Build | Lumber Camp |
| 10:36 | Queue | Villager (Male) |
| 11:50 | Queue | Fishing Ship |
| 11:50 | Queue | Fishing Ship |
| 11:57 | Age | Feudal Age |
| 12:23 | Build | Market |
| 12:27 | Build | Blacksmith |
| 12:34 | Queue | Villager (Male) |
| 12:36 | Research | Double-Bit Axe |
| 12:37 | Research | Double-Bit Axe |
| 12:52 | Build | House |
| 13:12 | Research | Castle Age |
| 13:39 | Build | Fish Trap |
| 13:44 | Queue | Fishing Ship |
| 13:45 | Queue | Fishing Ship |
| 14:05 | Build | Fish Trap |
| 14:17 | Build | House |
| 14:34 | Research | Tech 906 |
| 14:41 | Build | House |
| 14:44 | Queue | Villager (Male) |
| 15:16 | Build | House |
| 15:34 | Build | Fish Trap |
| 15:52 | Age | Castle Age |
| 15:55 | Build | Town Center |
| 16:02 | Queue | Villager (Male) |
| 16:02 | Queue | Villager (Male) |
| 16:03 | Queue | Villager (Male) |
| 16:28 | Build | Town Center |
| 16:34 | Queue | Villager (Male) |
| 16:35 | Queue | Villager (Male) |
| 16:41 | Research | Bow Saw |
| 16:48 | Queue | Villager (Male) |
| 16:53 | Research | Wheelbarrow |
| 16:53 | Research | Wheelbarrow |
| 16:54 | Queue | Villager (Male) |
| 16:54 | Queue | Villager (Male) |
| 16:56 | Research | Loom |
| 16:59 | Queue | Villager (Male) |
| 16:59 | Queue | Villager (Male) |
| 16:59 | Queue | Villager (Male) |
| 17:00 | Queue | Villager (Male) |
| 17:09 | Build | Fish Trap |
| 17:16 | Queue | Villager (Male) |
| 17:16 | Queue | Villager (Male) |
| 17:16 | Queue | Villager (Male) |
| 17:34 | Build | Fish Trap |
| 17:43 | Build | Fish Trap |
| 17:48 | Queue | Villager (Male) |
| 17:48 | Queue | Villager (Male) |
| 17:52 | Build | Fish Trap |
| 18:03 | Build | Fish Trap |
| 18:16 | Build | Dock |
| 18:19 | Queue | Fishing Ship |
| 18:20 | Queue | Fishing Ship |
| 18:21 | Queue | Villager (Male) |
| 18:22 | Queue | Villager (Male) |
| 18:22 | Queue | Villager (Male) |
| 18:33 | Queue | Villager (Male) |
| 18:33 | Queue | Villager (Male) |
| 18:33 | Queue | Villager (Male) |
| 18:38 | Queue | Fishing Ship |
| 18:48 | Build | Dock |
| 18:51 | Queue | Fishing Ship |
| 18:56 | Queue | Villager (Male) |
| 18:57 | Queue | Villager (Male) |
| 18:57 | Queue | Villager (Male) |
| 18:57 | Queue | Villager (Male) |
| 19:06 | Build | Fish Trap |
| 19:13 | Build | Monastery |
| 19:18 | Build | House |
| 19:20 | Queue | Fishing Ship |
| 19:24 | Queue | Villager (Male) |
| 19:24 | Queue | Villager (Male) |
| 19:24 | Queue | Villager (Male) |
| 19:31 | Build | Lumber Camp |
| 19:40 | Build | Fish Trap |
| 19:43 | Build | House |
| 19:47 | Build | Fish Trap |
| 19:51 | Queue | Villager (Male) |
| 19:52 | Queue | Villager (Male) |
| 19:52 | Queue | Villager (Male) |
| 19:56 | Queue | Monk |
| 20:08 | Build | Dock |
| 20:11 | Build | Fish Trap |
| 20:15 | Research | Gillnets |
| 20:19 | Queue | Fishing Ship ×2 |
| 20:20 | Queue | Villager (Male) |
| 20:20 | Queue | Villager (Male) |
| 20:21 | Queue | Villager (Male) |
| 20:21 | Queue | Villager (Male) |
| 20:21 | Queue | Villager (Male) |
Build order — jaszkowska.aleksandra
First 150 of 408 actions detected
| 0:02 | Research | Loom |
| 0:06 | Build | House |
| 0:52 | Queue | Villager (Male) |
| 1:22 | Queue | Villager (Male) |
| 1:56 | Queue | Villager (Male) |
| 2:38 | Queue | Villager (Male) |
| 3:29 | Queue | Villager (Male) |
| 3:49 | Queue | Villager (Male) |
| 4:02 | Build | Lumber Camp |
| 4:07 | Queue | Villager (Male) |
| 4:07 | Queue | Villager (Male) |
| 4:33 | Queue | Villager (Male) |
| 4:48 | Queue | Villager (Male) |
| 5:07 | Queue | Villager (Male) |
| 5:17 | Queue | Villager (Male) |
| 5:51 | Queue | Villager (Male) |
| 6:14 | Build | House |
| 6:47 | Build | Dock |
| 7:05 | Queue | Villager (Male) |
| 7:05 | Queue | Villager (Male) |
| 7:25 | Build | Lumber Camp |
| 7:47 | Queue | Fishing Ship |
| 8:01 | Queue | Villager (Male) |
| 8:16 | Build | Palisade Gate |
| 8:20 | Queue | Villager (Male) |
| 8:23 | Queue | Fishing Ship |
| 8:36 | Queue | Villager (Male) |
| 9:01 | Build | Palisade Wall |
| 9:05 | Queue | Villager (Male) |
| 9:06 | Queue | Fishing Ship |
| 9:23 | Queue | Villager (Male) |
| 9:42 | Queue | Villager (Male) |
| 9:43 | Queue | Fishing Ship |
| 9:49 | Build | Mill |
| 10:03 | Build | House |
| 10:06 | Queue | Villager (Male) |
| 10:08 | Queue | Fishing Ship |
| 10:25 | Queue | Villager (Male) |
| 10:30 | Build | House |
| 10:36 | Queue | Villager (Male) |
| 10:51 | Queue | Fishing Ship |
| 11:15 | Build | House |
| 11:26 | Queue | Fishing Ship |
| 11:39 | Queue | Villager (Male) |
| 11:45 | Build | Mining Camp |
| 12:01 | Queue | Fishing Ship |
| 12:16 | Queue | Villager (Male) |
| 12:24 | Build | Mining Camp |
| 12:40 | Queue | Villager (Male) |
| 12:49 | Queue | Fishing Ship |
| 13:12 | Research | Feudal Age |
| 13:28 | Queue | Fishing Ship |
| 14:16 | Queue | Villager (Male) |
| 14:19 | Queue | Fishing Ship |
| 15:19 | Build | House |
| 15:22 | Age | Feudal Age |
| 15:30 | Build | Market |
| 15:34 | Build | Blacksmith |
| 15:47 | Queue | Villager (Male) |
| 16:04 | Build | Stone Wall |
| 16:32 | Research | Castle Age |
| 16:42 | Build | Fish Trap |
| 16:47 | Build | Fish Trap |
| 16:59 | Build | Fish Trap |
| 17:07 | Build | Fish Trap |
| 17:10 | Queue | Villager (Male) |
| 17:14 | Build | Fish Trap |
| 17:33 | Build | Fish Trap |
| 17:39 | Build | Fish Trap |
| 17:42 | Build | Fish Trap |
| 17:56 | Build | Fish Trap |
| 18:01 | Build | Fish Trap |
| 18:07 | Build | Fish Trap |
| 18:14 | Build | Fish Trap |
| 18:19 | Research | Double-Bit Axe |
| 19:03 | Queue | Villager (Male) |
| 19:12 | Age | Castle Age |
| 19:17 | Build | Castle |
| 19:23 | Research | Bow Saw |
| 19:34 | Build | Town Center |
| 19:42 | Research | Tech 906 |
| 19:43 | Queue | Fishing Ship |
| 19:55 | Build | Dock |
| 20:09 | Build | House |
| 20:09 | Build | House |
| 20:15 | Queue | Villager (Male) |
| 20:15 | Queue | Villager (Male) |
| 20:28 | Research | Gillnets |
| 20:37 | Queue | Villager (Male) |
| 20:37 | Queue | Villager (Male) |
| 20:40 | Queue | Fishing Ship |
| 20:48 | Build | Dock |
| 20:55 | Queue | Fishing Ship |
| 21:02 | Build | Fish Trap |
| 21:11 | Build | Lumber Camp |
| 21:17 | Queue | Villager (Male) |
| 21:17 | Queue | Villager (Male) |
| 21:21 | Queue | Villager (Male) |
| 21:30 | Build | Fish Trap |
| 21:33 | Queue | Fishing Ship |
| 21:39 | Build | Dock |
| 21:44 | Queue | Fishing Ship ×2 |
| 21:52 | Queue | Villager (Male) ×5 |
| 22:08 | Build | Fish Trap |
| 22:18 | Build | Town Center |
| 22:23 | Queue | Villager (Male) |
| 22:32 | Build | Fish Trap |
| 22:36 | Build | Fish Trap |
| 22:38 | Queue | Fishing Ship |
| 22:42 | Build | House |
| 22:43 | Build | House |
| 22:45 | Build | House |
| 22:53 | Build | Fish Trap |
| 22:57 | Queue | Fishing Ship ×2 |
| 23:12 | Research | Wheelbarrow |
| 23:20 | Research | Gold Mining |
| 23:26 | Build | Fish Trap |
| 23:29 | Queue | Fishing Ship ×2 |
| 23:35 | Queue | Villager (Male) ×3 |
| 23:37 | Queue | Fishing Ship ×3 |
| 23:45 | Build | Fish Trap |
| 23:52 | Build | Fish Trap |
| 23:56 | Queue | Villager (Male) |
| 23:56 | Queue | Villager (Male) |
| 24:03 | Queue | Villager (Male) ×2 |
| 24:21 | Build | Fish Trap |
| 24:28 | Build | Fish Trap |
| 24:33 | Build | Fish Trap |
| 24:38 | Build | Fish Trap |
| 24:41 | Queue | Fishing Ship ×4 |
| 24:44 | Queue | Villager (Male) ×5 |
| 24:53 | Build | Mining Camp |
| 24:56 | Research | Stone Mining |
| 25:05 | Build | Fish Trap |
| 25:08 | Queue | Fishing Ship ×2 |
| 25:19 | Build | Lumber Camp |
| 25:24 | Research | Hand Cart |
| 25:36 | Build | Fish Trap |
| 25:42 | Build | Fish Trap |
| 25:58 | Build | Fish Trap |
| 26:06 | Build | Fish Trap |
| 26:13 | Build | Fish Trap |
| 26:16 | Queue | Villager (Male) ×5 |
| 26:19 | Queue | Villager (Male) ×5 |
| 26:28 | Build | Fish Trap |
| 26:34 | Queue | Fishing Ship ×5 |
| 26:36 | Queue | Fishing Ship ×4 |
| 26:48 | Build | Mining Camp |
| 27:26 | Build | Fish Trap |
| 27:28 | Build | Fish Trap |
Build order — MR.ROBOT
First 150 of 604 actions detected
| 0:01 | Queue | Villager (Male) |
| 0:01 | Queue | Villager (Male) |
| 0:02 | Build | House |
| 0:04 | Build | House |
| 0:04 | Queue | Villager (Male) |
| 0:10 | Research | Loom |
| 0:31 | Build | Palisade Wall |
| 0:34 | Queue | Villager (Male) |
| 1:53 | Queue | Villager (Male) |
| 2:19 | Build | Palisade Wall |
| 2:25 | Queue | Villager (Male) |
| 2:56 | Queue | Villager (Male) |
| 3:31 | Queue | Villager (Male) |
| 3:42 | Build | House |
| 4:11 | Build | House |
| 4:11 | Queue | Villager (Male) |
| 4:20 | Build | House |
| 4:34 | Queue | Villager (Male) |
| 5:04 | Queue | Villager (Male) |
| 5:16 | Build | House |
| 5:19 | Build | House |
| 5:37 | Queue | Villager (Male) |
| 5:37 | Queue | Villager (Male) |
| 5:54 | Build | House |
| 6:07 | Queue | Villager (Male) |
| 6:48 | Queue | Villager (Male) |
| 6:48 | Queue | Villager (Male) |
| 6:49 | Queue | Villager (Male) |
| 6:57 | Queue | Villager (Male) |
| 7:01 | Build | Lumber Camp |
| 8:08 | Build | House |
| 8:17 | Queue | Villager (Male) |
| 8:17 | Queue | Villager (Male) |
| 8:17 | Queue | Villager (Male) |
| 8:18 | Queue | Villager (Male) |
| 8:31 | Queue | Villager (Male) |
| 8:38 | Queue | Villager (Male) |
| 8:38 | Queue | Villager (Male) |
| 9:33 | Build | House |
| 10:05 | Queue | Villager (Male) |
| 10:10 | Queue | Villager (Male) |
| 10:29 | Build | House |
| 10:40 | Queue | Villager (Male) |
| 10:42 | Build | Mining Camp |
| 10:46 | Queue | Villager (Male) |
| 11:00 | Queue | Villager (Male) |
| 11:04 | Build | House |
| 11:27 | Queue | Villager (Male) |
| 11:39 | Research | Feudal Age |
| 12:25 | Queue | Villager (Male) |
| 12:41 | Queue | Villager (Male) |
| 12:45 | Build | Mill |
| 13:39 | Build | House |
| 14:12 | Age | Feudal Age |
| 14:14 | Build | Blacksmith |
| 14:18 | Build | Market |
| 14:19 | Queue | Villager (Male) |
| 14:38 | Research | Double-Bit Axe |
| 14:38 | Research | Double-Bit Axe |
| 14:42 | Build | Farm |
| 15:01 | Research | Horse Collar |
| 15:06 | Build | Farm |
| 15:20 | Queue | Villager (Male) |
| 15:45 | Research | Castle Age |
| 15:45 | Research | Castle Age |
| 15:56 | Research | Stone Mining |
| 16:25 | Queue | Villager (Male) |
| 16:44 | Queue | Villager (Male) |
| 17:13 | Build | Farm |
| 17:23 | Build | Farm |
| 17:57 | Build | House |
| 18:01 | Build | House |
| 18:03 | Queue | Villager (Male) |
| 18:32 | Age | Castle Age |
| 18:34 | Build | Town Center |
| 18:36 | Queue | Villager (Male) |
| 18:50 | Build | Town Center |
| 18:55 | Queue | Villager (Male) |
| 19:00 | Queue | Villager (Male) |
| 19:07 | Queue | Villager (Male) |
| 19:20 | Queue | Villager (Male) |
| 19:26 | Research | Bow Saw |
| 19:42 | Queue | Villager (Male) |
| 19:59 | Queue | Villager (Male) |
| 19:59 | Queue | Villager (Male) |
| 20:08 | Queue | Villager (Male) |
| 20:09 | Queue | Villager (Male) |
| 20:15 | Queue | Villager (Male) |
| 20:16 | Queue | Villager (Male) |
| 20:22 | Build | Town Center |
| 20:25 | Queue | Villager (Male) |
| 20:26 | Queue | Villager (Male) |
| 20:33 | Queue | Villager (Male) |
| 20:41 | Build | Farm |
| 20:42 | Queue | Villager (Male) |
| 20:45 | Queue | Villager (Male) |
| 20:53 | Queue | Villager (Male) |
| 21:06 | Queue | Villager (Male) |
| 21:06 | Queue | Villager (Male) |
| 21:09 | Research | Wheelbarrow |
| 21:16 | Queue | Villager (Male) |
| 21:29 | Build | House |
| 21:30 | Build | House |
| 21:31 | Build | House |
| 21:33 | Queue | Villager (Male) |
| 21:33 | Queue | Villager (Male) |
| 21:46 | Queue | Villager (Male) |
| 21:46 | Queue | Villager (Male) |
| 21:52 | Queue | Villager (Male) |
| 21:53 | Queue | Villager (Male) |
| 22:03 | Queue | Villager (Male) |
| 22:10 | Queue | Villager (Male) |
| 22:27 | Build | Castle |
| 22:29 | Queue | Villager (Male) |
| 22:29 | Queue | Villager (Male) |
| 22:31 | Build | Farm |
| 22:37 | Build | Farm |
| 22:38 | Build | Farm |
| 22:43 | Build | Farm |
| 22:47 | Build | Farm |
| 22:49 | Build | Farm |
| 22:49 | Build | Farm |
| 22:50 | Build | Farm |
| 22:52 | Build | Farm |
| 22:53 | Queue | Villager (Male) |
| 22:55 | Build | Farm |
| 23:02 | Build | House |
| 23:03 | Queue | Villager (Male) |
| 23:16 | Build | Farm |
| 23:18 | Build | Farm |
| 23:31 | Queue | Villager (Male) |
| 23:35 | Build | House |
| 23:38 | Build | House |
| 23:38 | Queue | Villager (Male) |
| 23:41 | Build | Farm |
| 23:51 | Build | Farm |
| 23:52 | Build | Farm |
| 23:53 | Build | Farm |
| 23:54 | Build | Farm |
| 23:55 | Queue | Villager (Male) |
| 23:56 | Queue | Villager (Male) |
| 24:07 | Build | Farm |
| 24:09 | Queue | Villager (Male) |
| 24:10 | Queue | Villager (Male) |
| 24:12 | Queue | Villager (Male) |
| 24:12 | Queue | Villager (Male) |
| 24:16 | Build | Farm |
| 24:25 | Build | Palisade Wall |
| 24:26 | Queue | Villager (Male) |
| 24:39 | Build | Barracks |
Build order — jsebbach
First 150 of 281 actions detected
| 0:04 | Build | House |
| 0:05 | Build | House |
| 0:06 | Queue | Villager (Male) ×4 |
| 1:44 | Queue | Villager (Male) |
| 1:45 | Queue | Villager (Male) |
| 1:54 | Build | Lumber Camp |
| 2:03 | Queue | Villager (Male) |
| 2:31 | Queue | Villager (Male) |
| 2:48 | Queue | Villager (Male) |
| 3:14 | Queue | Villager (Male) |
| 3:33 | Queue | Villager (Male) |
| 3:37 | Build | House |
| 4:33 | Build | Mill |
| 4:34 | Queue | Villager (Male) |
| 5:06 | Queue | Villager (Male) ×3 |
| 5:57 | Queue | Villager (Male) |
| 6:28 | Queue | Villager (Male) ×4 |
| 6:42 | Build | House |
| 7:04 | Queue | Villager (Male) |
| 8:36 | Build | Mining Camp |
| 8:40 | Research | Feudal Age |
| 10:37 | Build | House |
| 10:53 | Queue | Villager (Male) |
| 10:53 | Queue | Villager (Male) |
| 11:01 | Age | Feudal Age |
| 11:03 | Build | Market |
| 11:06 | Build | Blacksmith |
| 11:57 | Research | Castle Age |
| 12:25 | Research | Horse Collar |
| 12:31 | Build | Farm |
| 12:36 | Build | Farm |
| 12:44 | Build | Farm |
| 12:57 | Build | Farm |
| 13:48 | Build | Lumber Camp |
| 14:01 | Build | Farm |
| 14:06 | Research | Double-Bit Axe |
| 14:37 | Age | Castle Age |
| 14:40 | Build | Town Center |
| 15:03 | Build | Town Center |
| 15:07 | Queue | Villager (Male) |
| 15:07 | Queue | Villager (Male) |
| 15:08 | Queue | Villager (Male) |
| 15:31 | Research | Bow Saw |
| 15:40 | Build | Farm |
| 15:43 | Build | Farm |
| 15:55 | Build | Farm |
| 16:02 | Queue | Villager (Male) |
| 16:22 | Build | Farm |
| 16:23 | Build | Farm |
| 16:29 | Queue | Villager (Male) |
| 16:29 | Queue | Villager (Male) |
| 16:37 | Build | Farm |
| 16:39 | Build | Farm |
| 16:51 | Queue | Villager (Male) ×3 |
| 16:55 | Build | Farm |
| 17:06 | Build | Farm |
| 17:09 | Queue | Villager (Male) |
| 17:26 | Build | Farm |
| 17:30 | Build | Farm |
| 17:40 | Queue | Villager (Male) ×2 |
| 17:43 | Build | Farm |
| 17:58 | Queue | Villager (Male) ×2 |
| 18:12 | Build | Farm |
| 18:21 | Queue | Villager (Male) ×2 |
| 18:24 | Queue | Villager (Male) |
| 18:34 | Build | Farm |
| 18:38 | Build | Farm |
| 18:38 | Build | Farm |
| 18:46 | Queue | Villager (Male) ×2 |
| 18:51 | Build | House |
| 19:10 | Research | Heavy Plow |
| 19:21 | Build | House |
| 19:22 | Build | House |
| 19:23 | Build | House |
| 19:26 | Build | Farm |
| 19:36 | Queue | Villager (Male) ×3 |
| 19:50 | Queue | Villager (Male) ×2 |
| 19:55 | Build | Farm |
| 20:00 | Build | Farm |
| 20:03 | Queue | Villager (Male) ×2 |
| 20:09 | Build | Farm |
| 20:12 | Build | Farm |
| 20:18 | Queue | Villager (Male) ×2 |
| 20:32 | Queue | Villager (Male) ×2 |
| 20:35 | Build | House |
| 20:37 | Build | House |
| 20:38 | Build | House |
| 20:39 | Build | House |
| 20:42 | Queue | Villager (Male) |
| 20:42 | Queue | Villager (Male) |
| 21:19 | Queue | Villager (Male) ×5 |
| 21:24 | Build | Farm |
| 21:31 | Build | Farm |
| 21:32 | Build | Farm |
| 21:36 | Build | Farm |
| 21:37 | Build | Farm |
| 21:41 | Build | Farm |
| 21:42 | Build | Farm |
| 21:49 | Research | Wheelbarrow |
| 21:51 | Research | Loom |
| 21:58 | Queue | Villager (Male) ×5 |
| 22:04 | Build | Farm |
| 22:05 | Build | Farm |
| 22:05 | Build | Farm |
| 22:06 | Build | Farm |
| 22:06 | Build | Farm |
| 22:07 | Build | Farm |
| 22:11 | Build | House |
| 22:12 | Build | House |
| 22:13 | Build | House |
| 22:14 | Build | House |
| 22:15 | Build | House |
| 22:43 | Build | Barracks |
| 22:53 | Research | Scale Barding Armor |
| 22:55 | Research | Forging |
| 23:05 | Queue | Villager (Male) ×5 |
| 23:23 | Build | Farm |
| 23:23 | Build | Farm |
| 23:23 | Build | Farm |
| 23:24 | Build | Farm |
| 23:28 | Build | Farm |
| 23:45 | Build | House |
| 23:46 | Build | House |
| 23:46 | Build | House |
| 24:04 | Build | Monastery |
| 24:08 | Queue | Villager (Male) ×5 |
| 24:22 | Build | Stable |
| 24:36 | Queue | Villager (Male) ×5 |
| 24:44 | Research | Chain Barding Armor |
| 24:45 | Research | Iron Casting |
| 24:56 | Build | House |
| 24:57 | Build | House |
| 24:58 | Build | House |
| 25:02 | Queue | Monk |
| 25:13 | Queue | Villager (Male) ×5 |
| 25:23 | Research | Hand Cart |
| 25:26 | Research | Gold Mining |
| 25:28 | Research | Stone Mining |
| 25:39 | Build | Mining Camp |
| 25:40 | Queue | Villager (Male) ×5 |
| 26:01 | Build | Mill |
| 26:03 | Build | Farm |
| 26:03 | Build | Farm |
| 26:04 | Build | Farm |
| 26:09 | Build | Farm |
| 26:10 | Build | Farm |
| 26:11 | Build | Farm |
| 26:20 | Research | Bloodlines |
| 26:21 | Research | Husbandry |
| 26:31 | Build | House |
Build order — benjeh
First 150 of 505 actions detected
| 0:02 | Queue | Villager (Male) ×4 |
| 0:03 | Build | House |
| 0:05 | Build | House |
| 1:26 | Queue | Villager (Male) |
| 1:47 | Queue | Villager (Male) |
| 1:50 | Build | Lumber Camp |
| 2:19 | Queue | Villager (Male) |
| 2:38 | Queue | Villager (Male) |
| 3:11 | Queue | Villager (Male) |
| 3:21 | Build | House |
| 3:52 | Queue | Villager (Male) |
| 4:14 | Queue | Villager (Male) |
| 4:30 | Queue | Villager (Male) |
| 4:53 | Build | Dock |
| 4:57 | Build | Dock |
| 5:03 | Queue | Villager (Male) |
| 5:27 | Queue | Villager (Male) |
| 5:55 | Queue | Fishing Ship |
| 5:56 | Queue | Villager (Male) |
| 6:02 | Build | House |
| 6:08 | Queue | Villager (Male) |
| 6:23 | Queue | Villager (Male) |
| 6:47 | Build | Mill |
| 7:03 | Queue | Villager (Male) |
| 7:33 | Queue | Villager (Male) |
| 7:41 | Build | House |
| 7:45 | Queue | Fishing Ship |
| 8:11 | Queue | Villager (Male) |
| 8:26 | Queue | Fishing Ship |
| 8:34 | Queue | Villager (Male) |
| 9:13 | Research | Feudal Age |
| 9:19 | Queue | Fishing Ship |
| 9:40 | Queue | Fishing Ship |
| 10:06 | Queue | Fishing Ship |
| 10:25 | Queue | Villager (Male) |
| 10:41 | Build | House |
| 11:06 | Build | House |
| 11:12 | Queue | Villager (Male) |
| 11:17 | Queue | Fishing Ship |
| 11:17 | Queue | Fishing Ship |
| 11:23 | Age | Feudal Age |
| 11:26 | Build | Mining Camp |
| 11:28 | Research | Double-Bit Axe |
| 11:30 | Queue | Fishing Ship |
| 11:50 | Build | Market |
| 11:55 | Build | Blacksmith |
| 12:00 | Build | Blacksmith |
| 12:04 | Queue | Fishing Ship |
| 12:05 | Queue | Villager (Male) |
| 12:46 | Build | House |
| 12:47 | Queue | Fishing Ship |
| 12:48 | Queue | Villager (Male) |
| 13:18 | Build | Town Center |
| 13:22 | Queue | Villager (Male) |
| 13:38 | Queue | Villager (Male) |
| 13:42 | Queue | Fishing Ship |
| 14:08 | Queue | Villager (Male) |
| 14:16 | Queue | Villager (Male) |
| 14:23 | Queue | Fishing Ship |
| 14:39 | Queue | Villager (Male) |
| 15:01 | Queue | Villager (Male) |
| 15:09 | Build | Dock |
| 15:11 | Queue | Fishing Ship |
| 15:17 | Build | House |
| 15:18 | Queue | Villager (Male) |
| 15:28 | Queue | Villager (Male) |
| 15:48 | Queue | Fishing Ship |
| 15:49 | Queue | Fishing Ship |
| 15:57 | Queue | Villager (Male) |
| 16:00 | Build | Mining Camp |
| 16:18 | Research | Castle Age |
| 16:22 | Queue | Fishing Ship |
| 16:22 | Queue | Fishing Ship |
| 16:35 | Queue | Fishing Ship |
| 16:39 | Build | Fish Trap |
| 16:57 | Queue | Villager (Male) |
| 17:13 | Build | Fish Trap |
| 17:17 | Build | Fish Trap |
| 17:20 | Build | Fish Trap |
| 17:26 | Build | Fish Trap |
| 17:34 | Build | Fish Trap |
| 17:40 | Build | Fish Trap |
| 17:43 | Research | Wheelbarrow |
| 17:50 | Build | Fish Trap |
| 18:01 | Queue | Villager (Male) |
| 18:06 | Build | Fish Trap |
| 18:08 | Queue | Fishing Ship |
| 18:08 | Queue | Fishing Ship |
| 18:11 | Build | Fish Trap |
| 18:20 | Queue | Villager (Male) |
| 18:32 | Build | House |
| 18:36 | Build | House |
| 18:46 | Research | Tech 906 |
| 18:51 | Build | Fish Trap |
| 18:54 | Build | Fish Trap |
| 18:58 | Age | Castle Age |
| 19:01 | Build | Fish Trap |
| 19:02 | Queue | Fishing Ship |
| 19:03 | Queue | Fishing Ship |
| 19:11 | Build | Fish Trap |
| 19:14 | Queue | Villager (Male) |
| 19:14 | Queue | Villager (Male) |
| 19:14 | Queue | Villager (Male) |
| 19:16 | Build | Fish Trap |
| 19:32 | Build | Fish Trap |
| 19:36 | Build | Fish Trap |
| 19:38 | Queue | Villager (Male) |
| 19:39 | Queue | Villager (Male) |
| 19:44 | Build | Fish Trap |
| 19:49 | Queue | Villager (Male) |
| 19:52 | Build | House |
| 19:55 | Queue | Villager (Male) |
| 20:01 | Queue | Villager (Male) |
| 20:12 | Build | Town Center |
| 20:21 | Queue | Fishing Ship |
| 20:22 | Queue | Fishing Ship |
| 20:28 | Research | Bow Saw |
| 20:32 | Queue | Villager (Male) |
| 20:45 | Build | Dock |
| 20:47 | Queue | Villager (Male) |
| 20:48 | Queue | Villager (Male) |
| 21:11 | Build | Fish Trap |
| 21:14 | Queue | Fishing Ship |
| 21:15 | Queue | Fishing Ship |
| 21:21 | Build | House |
| 21:27 | Research | Gillnets |
| 21:29 | Build | House |
| 21:32 | Build | Fish Trap |
| 21:36 | Queue | Villager (Male) |
| 21:36 | Queue | Villager (Male) |
| 21:37 | Queue | Villager (Male) |
| 21:40 | Queue | Villager (Male) |
| 21:41 | Queue | Villager (Male) |
| 21:45 | Research | Stone Mining |
| 21:50 | Queue | Fishing Ship |
| 21:51 | Queue | Fishing Ship |
| 22:01 | Build | Fish Trap |
| 22:05 | Build | House |
| 22:06 | Build | House |
| 22:07 | Build | House |
| 22:08 | Build | House |
| 22:09 | Queue | Villager (Male) |
| 22:14 | Build | House |
| 22:25 | Build | Fish Trap |
| 22:32 | Build | House |
| 22:37 | Queue | Villager (Male) |
| 22:39 | Queue | Fishing Ship |
| 22:40 | Queue | Fishing Ship |
| 22:40 | Queue | Fishing Ship |
| 22:41 | Queue | Villager (Male) |
Build order — Zeriel
First 150 of 553 actions detected
| 0:01 | Queue | Villager (Male) |
| 0:02 | Build | House |
| 0:03 | Build | House |
| 0:19 | Queue | Villager (Male) |
| 0:19 | Queue | Villager (Male) |
| 0:19 | Queue | Villager (Male) |
| 1:24 | Queue | Villager (Male) |
| 1:47 | Build | Lumber Camp |
| 2:00 | Queue | Villager (Male) |
| 2:03 | Research | Loom |
| 2:15 | Queue | Villager (Male) |
| 2:31 | Queue | Villager (Male) |
| 2:53 | Build | Palisade Gate |
| 3:02 | Queue | Villager (Male) |
| 3:19 | Build | House |
| 3:33 | Queue | Villager (Male) |
| 4:12 | Queue | Villager (Male) |
| 4:20 | Build | Palisade Gate |
| 4:49 | Queue | Villager (Male) |
| 5:02 | Build | Palisade Wall |
| 5:14 | Build | Palisade Wall |
| 5:15 | Build | Palisade Wall |
| 5:16 | Build | Palisade Wall |
| 5:18 | Build | Palisade Wall |
| 5:25 | Queue | Villager (Male) |
| 5:25 | Queue | Villager (Male) |
| 5:46 | Queue | Villager (Male) |
| 6:20 | Queue | Villager (Male) |
| 6:20 | Queue | Villager (Male) |
| 7:14 | Build | House |
| 7:29 | Queue | Villager (Male) |
| 7:35 | Build | Mining Camp |
| 8:13 | Queue | Villager (Male) |
| 8:43 | Queue | Villager (Male) |
| 8:43 | Queue | Villager (Male) |
| 8:54 | Build | Palisade Wall |
| 8:54 | Build | Palisade Wall |
| 8:56 | Build | Palisade Wall |
| 9:09 | Build | Mill |
| 9:20 | Build | House |
| 9:36 | Queue | Villager (Male) |
| 9:55 | Queue | Villager (Male) |
| 10:26 | Research | Feudal Age |
| 10:35 | Build | Farm |
| 10:42 | Build | Farm |
| 11:26 | Build | Farm |
| 11:38 | Build | Farm |
| 11:41 | Build | Farm |
| 11:46 | Build | Farm |
| 12:36 | Age | Feudal Age |
| 12:39 | Build | Market |
| 12:42 | Build | Blacksmith |
| 12:44 | Build | Palisade Wall |
| 12:50 | Queue | Villager (Male) |
| 12:50 | Queue | Villager (Male) |
| 12:52 | Build | Farm |
| 12:54 | Build | Farm |
| 13:10 | Build | House |
| 13:20 | Build | Farm |
| 13:36 | Queue | Villager (Male) |
| 14:20 | Research | Castle Age |
| 14:40 | Research | Horse Collar |
| 15:02 | Research | Double-Bit Axe |
| 15:44 | Build | Barracks |
| 16:24 | Queue | Spearman |
| 16:24 | Queue | Spearman |
| 16:31 | Research | Gold Mining |
| 17:00 | Age | Castle Age |
| 17:02 | Build | Siege Workshop |
| 17:03 | Build | Monastery |
| 17:04 | Queue | Villager (Male) |
| 17:05 | Research | Bow Saw |
| 17:28 | Build | House |
| 17:29 | Queue | Villager (Male) |
| 17:36 | Queue | Mangonel |
| 17:48 | Build | House |
| 17:50 | Queue | Monk |
| 17:56 | Queue | Villager (Male) |
| 18:33 | Queue | Mangonel |
| 18:36 | Build | House |
| 18:36 | Build | House |
| 18:38 | Queue | Villager (Male) |
| 18:54 | Queue | Villager (Male) |
| 19:01 | Queue | Monk |
| 19:10 | Queue | Villager (Male) |
| 19:11 | Queue | Spearman |
| 19:28 | Queue | Villager (Male) |
| 19:30 | Queue | Villager (Male) |
| 19:39 | Queue | Villager (Male) |
| 19:44 | Build | Town Center |
| 19:59 | Queue | Villager (Male) |
| 20:13 | Build | Farm |
| 20:13 | Build | Farm |
| 20:15 | Queue | Villager (Male) |
| 20:26 | Queue | Monk |
| 20:27 | Queue | Villager (Male) |
| 20:36 | Build | House |
| 20:36 | Build | House |
| 20:48 | Queue | Villager (Male) |
| 20:49 | Build | Farm |
| 21:10 | Queue | Villager (Male) |
| 21:12 | Build | Farm |
| 21:17 | Queue | Villager (Male) |
| 21:18 | Queue | Villager (Male) |
| 21:26 | Queue | Spearman |
| 21:31 | Build | Farm |
| 21:33 | Build | Farm |
| 21:40 | Queue | Spearman |
| 21:55 | Queue | Villager (Male) |
| 21:56 | Build | Farm |
| 22:02 | Build | House |
| 22:03 | Build | House |
| 22:07 | Queue | Villager (Male) |
| 22:14 | Queue | Mangonel |
| 22:18 | Queue | Villager (Male) |
| 22:20 | Build | Farm |
| 22:24 | Queue | Monk |
| 22:28 | Queue | Villager (Male) |
| 22:50 | Queue | Villager (Male) |
| 22:52 | Build | Farm |
| 22:55 | Queue | Villager (Male) |
| 23:13 | Queue | Villager (Male) |
| 23:13 | Queue | Villager (Male) |
| 23:14 | Queue | Mangonel |
| 23:37 | Queue | Villager (Male) |
| 23:43 | Queue | Monk |
| 23:45 | Queue | Villager (Male) |
| 23:50 | Build | Farm |
| 23:51 | Queue | Villager (Male) |
| 24:03 | Build | Town Center |
| 24:05 | Queue | Villager (Male) |
| 24:22 | Queue | Villager (Male) |
| 24:32 | Queue | Villager (Male) |
| 24:36 | Build | Farm |
| 24:37 | Build | Farm |
| 24:44 | Queue | Villager (Male) |
| 24:49 | Queue | Mangonel |
| 24:51 | Queue | Villager (Male) |
| 24:55 | Queue | Villager (Male) |
| 24:57 | Build | Farm |
| 25:09 | Queue | Villager (Male) |
| 25:24 | Queue | Mangonel |
| 25:26 | Queue | Villager (Male) |
| 25:29 | Build | House |
| 25:29 | Build | House |
| 25:50 | Queue | Villager (Male) |
| 25:53 | Queue | Villager (Male) |
| 25:59 | Build | Farm |
| 25:59 | Build | Farm |
| 26:00 | Build | Farm |
Match timeline
| 0:31 | MR.ROBOT · wall_segment Palisade Wall x15 |
| 0:34 | RetiredTurtle · wall_segment Palisade Wall x10 |
| 1:03 | Chlupinek · wall_segment Palisade Wall x1 |
| 1:05 | Chlupinek · wall_segment Palisade Wall x9 |
| 2:03 | RetiredTurtle · wall_segment Palisade Wall x1 |
| 2:11 | Chlupinek · wall_segment Palisade Wall x1 |
| 2:13 | Chlupinek · wall_segment Palisade Wall x1 |
| 2:19 | RetiredTurtle · wall_segment Palisade Wall x1 |
| 2:19 | MR.ROBOT · wall_segment Palisade Wall x13 |
| 2:24 | Chlupinek · wall_segment Palisade Wall x1 |
| 2:38 | Chlupinek · wall_segment Palisade Wall x1 |
| 2:42 | RetiredTurtle · wall_segment Palisade Wall x9 |
| 3:19 | Chlupinek · wall_segment Palisade Wall x1 |
| 3:23 | Chlupinek · wall_segment Palisade Wall x1 |
| 3:28 | Chlupinek · wall_segment Palisade Wall x3 |
| 3:29 | Chlupinek · wall_segment Palisade Wall x1 |
| 4:42 | InGodWeTrust · first_building Dock |
| 4:42 | Chlupinek · wall_segment Palisade Wall x1 |
| 4:43 | Chlupinek · wall_segment Palisade Wall x1 |
| 4:53 | benjeh · first_building Dock |
| 5:02 | Zeriel · wall_segment Palisade Wall x1 |
| 5:06 | Chlupinek · first_building Dock |
| 5:08 | Chlupinek · wall_segment Palisade Wall x1 |
| 5:09 | Chlupinek · wall_segment Palisade Wall x1 |
| 5:14 | Zeriel · wall_segment Palisade Wall x1 |
| 5:15 | Zeriel · wall_segment Palisade Wall x1 |
| 5:16 | Zeriel · wall_segment Palisade Wall x1 |
| 5:18 | Zeriel · wall_segment Palisade Wall x6 |
| 5:46 | Chlupinek · wall_segment Palisade Wall x1 |
| 5:49 | Chlupinek · wall_segment Palisade Wall x4 |
| 6:25 | RetiredTurtle · wall_segment Palisade Wall x7 |
| 6:47 | jaszkowska.aleksandra · first_building Dock |
| 7:59 | Chlupinek · wall_segment Palisade Wall x1 |
| 8:01 | Chlupinek · wall_segment Palisade Wall x5 |
| 8:54 | Zeriel · wall_segment Palisade Wall x1 |
| 8:54 | Zeriel · wall_segment Palisade Wall x1 |
| 8:56 | Zeriel · wall_segment Palisade Wall x7 |
| 8:59 | Chlupinek · wall_segment Palisade Wall x1 |
| 9:01 | jaszkowska.aleksandra · wall_segment Palisade Wall x15 |
| 9:42 | Chlupinek · wall_segment Palisade Wall x1 |
| 9:43 | Chlupinek · wall_segment Palisade Wall x2 |
| 9:48 | Chlupinek · wall_segment Palisade Wall x4 |
| 11:01 | jsebbach · age_up feudal |
| 11:23 | benjeh · age_up feudal |
| 11:57 | InGodWeTrust · age_up feudal |
| 12:36 | Zeriel · age_up feudal |
| 12:44 | Chlupinek · age_up feudal |
| 12:44 | Zeriel · wall_segment Palisade Wall x1 |
| 13:31 | Zeriel · first_market_sell 100 stone |
| 13:32 | Zeriel · first_market_buy 100 food |
| 13:52 | RetiredTurtle · age_up feudal |
| 14:12 | MR.ROBOT · age_up feudal |
| 14:13 | Chlupinek · wall_segment Stone Wall x1 |
| 14:14 | Chlupinek · wall_segment Stone Wall x6 |
| 14:16 | Chlupinek · wall_segment Stone Wall x6 |
| 14:21 | RetiredTurtle · wall_segment Stone Wall x8 |
| 14:23 | Chlupinek · wall_segment Stone Wall x1 |
| 14:24 | Chlupinek · wall_segment Stone Wall x3 |
| 14:25 | Chlupinek · wall_segment Stone Wall x6 |
| 14:37 | jsebbach · age_up castle |
| 15:22 | jaszkowska.aleksandra · age_up feudal |
| 15:35 | benjeh · first_market_buy 100 food |
| 15:44 | Zeriel · first_building Barracks |
| 15:52 | InGodWeTrust · age_up castle |
| 16:04 | jaszkowska.aleksandra · wall_segment Stone Wall x8 |
| 16:45 | RetiredTurtle · wall_segment Stone Wall x9 |
| 16:49 | jsebbach · first_market_buy 100 food |
| 17:00 | Zeriel · age_up castle |
| 17:02 | Zeriel · first_building Siege Workshop |
| 17:03 | Zeriel · first_building Monastery |
| 17:27 | Chlupinek · age_up castle |
| 17:29 | Chlupinek · first_building Siege Workshop |
| 18:12 | RetiredTurtle · age_up castle |
| 18:32 | MR.ROBOT · age_up castle |
| 18:45 | MR.ROBOT · first_market_sell 100 food |
| 18:47 | MR.ROBOT · first_market_buy 100 wood |
| 18:58 | benjeh · age_up castle |
| 19:12 | jaszkowska.aleksandra · age_up castle |
| 19:13 | InGodWeTrust · first_building Monastery |
| 19:17 | jaszkowska.aleksandra · first_building Castle |
| 19:29 | jaszkowska.aleksandra · first_market_buy 100 stone |
| 22:27 | MR.ROBOT · first_building Castle |
| 22:43 | jsebbach · first_building Barracks |
| 23:05 | benjeh · first_building Siege Workshop |
| 24:04 | jsebbach · first_building Monastery |
| 24:08 | benjeh · first_building Castle |
| 24:22 | jsebbach · first_building Stable |
| 24:25 | MR.ROBOT · wall_segment Palisade Wall x13 |
| 24:39 | MR.ROBOT · first_building Barracks |
| 24:40 | jsebbach · first_market_sell 100 food |
| 25:03 | benjeh · first_building Barracks |
| 25:17 | MR.ROBOT · first_building Monastery |
| 26:15 | benjeh · first_building Stable |
| 26:34 | RetiredTurtle · first_building Barracks |
| 27:12 | RetiredTurtle · first_building Stable |
| 27:29 | RetiredTurtle · first_building Castle |
| 27:31 | InGodWeTrust · first_building Barracks |
| 27:54 | RetiredTurtle · first_market_sell 100 food |
| 27:56 | MR.ROBOT · first_building Siege Workshop |
| 27:58 | jaszkowska.aleksandra · first_building Siege Workshop |
| 28:01 | InGodWeTrust · first_building Archery Range |
| 28:11 | InGodWeTrust · first_building Siege Workshop |
| 28:37 | benjeh · first_market_sell 100 food |
| 28:41 | InGodWeTrust · first_building Stable |
| 28:51 | InGodWeTrust · age_up imperial |
| 28:56 | jaszkowska.aleksandra · first_building Barracks |
| 29:06 | InGodWeTrust · first_building Castle |
| 29:07 | Chlupinek · first_market_buy 100 stone |
| 29:12 | Chlupinek · first_building Castle |
| 30:15 | Chlupinek · wall_segment Stone Wall x1 |
| 30:16 | Chlupinek · wall_segment Stone Wall x1 |
| 30:25 | Chlupinek · wall_segment Stone Wall x1 |
| 30:59 | MR.ROBOT · age_up imperial |
| 31:01 | jaszkowska.aleksandra · age_up imperial |
| 31:41 | jsebbach · age_up imperial |
| 31:48 | RetiredTurtle · first_market_buy 100 food |
| 31:55 | benjeh · age_up imperial |
| 32:03 | RetiredTurtle · age_up imperial |
| 33:53 | Chlupinek · first_building Barracks |
| 34:28 | jsebbach · first_building Castle |
| 34:52 | Chlupinek · first_building Archery Range |
| 34:54 | Chlupinek · age_up imperial |
| 35:38 | RetiredTurtle · first_building Siege Workshop |
| 37:13 | Zeriel · first_building Archery Range |
| 37:57 | InGodWeTrust · wall_segment Stone Wall x15 |
| 39:19 | jsebbach · first_building Siege Workshop |
| 40:07 | Zeriel · first_building Stable |
| 40:21 | InGodWeTrust · tribute_sent a jugador 1 |
| 40:21 | InGodWeTrust · tribute_sent a jugador 3 |
| 40:21 | InGodWeTrust · tribute_sent a jugador 4 |
| 40:21 | InGodWeTrust · tribute_sent a jugador 5 |
| 40:21 | InGodWeTrust · tribute_sent a jugador 6 |
| 40:21 | InGodWeTrust · tribute_sent a jugador 7 |
| 40:21 | InGodWeTrust · tribute_sent a jugador 8 |
| 40:57 | jaszkowska.aleksandra · first_market_sell 500 food |
| 41:12 | InGodWeTrust · first_market_sell 500 food |
| 41:41 | jaszkowska.aleksandra · tribute_sent a jugador 1 |
| 41:41 | jaszkowska.aleksandra · tribute_sent a jugador 2 |
| 41:41 | jaszkowska.aleksandra · tribute_sent a jugador 4 |
| 41:41 | jaszkowska.aleksandra · tribute_sent a jugador 5 |
| 41:41 | jaszkowska.aleksandra · tribute_sent a jugador 6 |
| 41:41 | jaszkowska.aleksandra · tribute_sent a jugador 7 |
| 41:41 | jaszkowska.aleksandra · tribute_sent a jugador 8 |
| 42:09 | InGodWeTrust · tribute_sent a jugador 1 |
| 42:09 | InGodWeTrust · tribute_sent a jugador 3 |
| 42:09 | InGodWeTrust · tribute_sent a jugador 4 |
| 42:09 | InGodWeTrust · tribute_sent a jugador 5 |
| 42:09 | InGodWeTrust · tribute_sent a jugador 6 |
| 42:09 | InGodWeTrust · tribute_sent a jugador 7 |
| 42:09 | InGodWeTrust · tribute_sent a jugador 8 |
| 42:59 | jaszkowska.aleksandra · first_building Archery Range |
| 44:09 | Zeriel · first_building Castle |
| 46:08 | Zeriel · age_up imperial |
| 46:42 | InGodWeTrust · tribute_sent a jugador 1 |
| 46:42 | InGodWeTrust · tribute_sent a jugador 3 |
| 46:42 | InGodWeTrust · tribute_sent a jugador 4 |
| 46:42 | InGodWeTrust · tribute_sent a jugador 5 |
| 46:42 | InGodWeTrust · tribute_sent a jugador 6 |
| 46:42 | InGodWeTrust · tribute_sent a jugador 7 |
| 46:42 | InGodWeTrust · tribute_sent a jugador 8 |
| 48:42 | InGodWeTrust · tribute_sent a jugador 1 |
| 48:42 | InGodWeTrust · tribute_sent a jugador 3 |
| 48:42 | InGodWeTrust · tribute_sent a jugador 4 |
| 48:42 | InGodWeTrust · tribute_sent a jugador 5 |
| 48:42 | InGodWeTrust · tribute_sent a jugador 6 |
| 48:42 | InGodWeTrust · tribute_sent a jugador 7 |
| 48:42 | InGodWeTrust · tribute_sent a jugador 8 |
| 49:13 | Zeriel · first_building Dock |
| 52:36 | InGodWeTrust · tribute_sent a jugador 1 |
| 52:36 | InGodWeTrust · tribute_sent a jugador 3 |
| 52:36 | InGodWeTrust · tribute_sent a jugador 4 |
| 52:36 | InGodWeTrust · tribute_sent a jugador 5 |
| 52:36 | InGodWeTrust · tribute_sent a jugador 6 |
| 52:36 | InGodWeTrust · tribute_sent a jugador 7 |
| 52:36 | InGodWeTrust · tribute_sent a jugador 8 |
| 53:39 | RetiredTurtle · tribute_sent a jugador 2 |
| 53:39 | RetiredTurtle · tribute_sent a jugador 3 |
| 53:39 | RetiredTurtle · tribute_sent a jugador 4 |
| 53:39 | RetiredTurtle · tribute_sent a jugador 5 |
| 53:39 | RetiredTurtle · tribute_sent a jugador 6 |
| 53:39 | RetiredTurtle · tribute_sent a jugador 7 |
| 53:39 | RetiredTurtle · tribute_sent a jugador 8 |
| 53:46 | jsebbach · tribute_sent a jugador 1 |
| 53:46 | jsebbach · tribute_sent a jugador 2 |
| 53:46 | jsebbach · tribute_sent a jugador 3 |
| 53:46 | jsebbach · tribute_sent a jugador 4 |
| 53:46 | jsebbach · tribute_sent a jugador 6 |
| 53:46 | jsebbach · tribute_sent a jugador 7 |
| 53:46 | jsebbach · tribute_sent a jugador 8 |
| 53:47 | MR.ROBOT · tribute_sent a jugador 1 |
| 53:47 | MR.ROBOT · tribute_sent a jugador 2 |
| 53:47 | MR.ROBOT · tribute_sent a jugador 3 |
| 53:47 | MR.ROBOT · tribute_sent a jugador 5 |
| 53:47 | MR.ROBOT · tribute_sent a jugador 6 |
| 53:47 | MR.ROBOT · tribute_sent a jugador 7 |
| 53:47 | MR.ROBOT · tribute_sent a jugador 8 |
| 54:40 | RetiredTurtle · resign |
[ AI ANALYSIS · 1 CREDIT ]
What really happened in this match?
Wolo.gg analyzes every decision: build order, eco, micro, common mistakes by bracket. Personalized analysis on WhatsApp or Discord in 30 seconds.
Civ guide
Maya
Perfil
Jugador #8957870